 Dungeon Crawl Stone Soup version 0.30.0-20-g3615ddf2f0 (webtiles) character file.

Game seed: 4819286870307248974

82005 qw the Severer (level 15, -6/96 HPs)
             Began as a Gargoyle Fighter on May 27, 2023.
             Was an Elder of Okawaru.
             Mangled by a sun demon (7 damage)
             ... summoned by an orc high priest
             ... on level 2 of the Orcish Mines.
             The game lasted 00:13:15 (21324 turns).

qw the Severer (Gargoyle Fighter)                  Turns: 21324, Time: 00:13:16

Health: -6/96      AC: 57    Str: 35    XL:     15   Next: 72%
Magic:  31/31      EV: 10    Int: 17    God:    Okawaru [****..]
Gold:   2068       SH: 12    Dex:  9    Spells: 14/14 levels left

rFire   + . .        b - +0 broad axe
rCold   . . .        c - +0 buckler
rNeg    + . .        a - +8 crystal plate armour "Weypi" {rPois Str+3}
rPois   inf          w - +0 helmet {Int+3}
rElec   +            t - +1 cloak of Impatience {MP+9 Str+4 Int+4}
rCorr   .            B - +1 pair of gloves
SInv    +            j - +2 pair of boots of Past Mistakes {Str+2}
Will    +....        o - amulet of reflection Stlth
                     l - ring of see invisible
HPRegen 0.36/turn    v - ring "Zout" {rF+ Slay+4}
MPRegen 0.22/turn

%: reflection
@: about to teleport, heroic, flying
A: sickness immunity, AC +11, big wings, negative energy resistance 1,
electricity resistance, torment resistance 1, petrification resistance
a: Renounce Religion, Heroism, Finesse


You were on level 2 of the Orcish Mines.
You worshipped Okawaru.
Okawaru was greatly pleased with you.
You visited 4 branches of the dungeon, and saw 23 of its levels.
You also visited: Gauntlet.

You collected 2133 gold pieces.
You spent 65 gold pieces at shops.


Innate Abilities, Weirdness & Mutations

You are immune to sickness and miasma.
Your stone body is resilient. (AC +11)
You are immune to poison.
Your large and strong wings let you fly.
You resist negative energy. (rN+)
You are resistant to electric shocks. (rElec)
You are resistant to unholy torment.
You are immune to petrification.


   Skills:
 - Level 12.0(17.0) Fighting
 - Level 16.0(21.0) Axes
 - Level 6.0(11.0) Throwing
 + Level 14.7(19.7) Armour
 - Level 3.8(8.8) Dodging
 - Level 8.0(13.0) Shields
 - Level 10.0 Invocations


You had 14 spell levels left.
You didn't know any spells.
Your spell library was empty.

Inventory:

Hand Weapons
 b - a +0 broad axe (weapon)
 g - a +0 morningstar
Missiles
 y - 14 boomerangs (quivered)
Armour
 a - the +8 crystal plate armour "Weypi" (worn) {rPois Str+3}
   (You acquired it on level 1 of the Dungeon)

   Str:       It affects your strength (+3).
   rPois:     It protects you from poison.
 c - a +0 buckler (worn)
 j - the +2 pair of boots of Past Mistakes (worn) {Str+2}
   (You found it on level 4 of the Dungeon)

   Str:       It affects your strength (+2).
 t - the +1 cloak of Impatience (worn) {MP+9 Str+4 Int+4}
   (You found it in a Gauntlet)

   Str:       It affects your strength (+4).
   Int:       It affects your intelligence (+4).
   MP:        It affects your magic capacity (+9).
 w - a +0 helmet of intelligence (worn)
 A - a +0 hat of see invisible
 B - a +1 pair of gloves (worn)
Jewellery
 l - a ring of see invisible (left hand)
 o - an amulet of reflection (around neck)
 u - a ring of fire
 v - the ring "Zout" (right hand) {rF+ Slay+4}
   (You acquired it on level 10 of the Dungeon)

   [ring of slaying]

   Slay:      It affects your accuracy & damage with ranged weapons and melee
   (+4).
   rF:        It protects you from fire.
 x - a ring of ice
Scrolls
 e - 7 scrolls of identify
 r - 12 scrolls of teleportation
Potions
 d - 6 potions of might
 f - 3 potions of heal wounds
 h - 6 potions of attraction
 i - 5 potions of haste
 k - 4 potions of curing
 m - 2 potions of cancellation
 n - 4 potions of resistance
 p - 4 potions of lignification
 q - a potion of magic
 z - 2 potions of mutation

Dungeon Overview and Level Annotations

Branches:
Dungeon (15/15)            Temple (1/1) D:5            Lair (5/5) D:9
  Swamp (0/4) Lair:2       Spider (0/4) Lair:2        Slime (0/5) Lair:4
    Orc (2/2) D:12         Vaults (0/5) D:13         Depths (0/4) D:15
Gauntlet (visited)
    Elf: Orc:2

Altars:
Ashenzari
Cheibriados
Dithmenos
Elyvilon
Fedhas
Gozag
Hepliaklqana
Kikubaaqudgha
Makhleb
Nemelex Xobeh
Okawaru
Qazlal
Ru
Sif Muna
Trog
Uskayaw
Vehumet
Wu Jian
Xom
Yredelemnul
Zin
The Shining One

Shops:
D:4 =!   D:6 :   Orc:2 [

Annotations:
D:3 2 transporters, 1 runed translucent door, Crazy Yiuf; qw's ghost, amateur GrFi
D:6 3 runed translucent doors, qw's ghost, amateur GrFi; qw's ghost, novice GrFi
D:9 1 runed translucent door
D:13 3 runed translucent doors, Buchaag's ghost, novice MiMo


Message History

The orc warrior no longer looks unusually strong.
The orange demon disappears in a puff of smoke!
You block the orc warrior's attack.
The orc high priest hits you from afar with a +4 halberd of freezing!
The orc high priest freezes you.
The orc high priest performs a strange gesture.
The orc high priest hits you but does no damage.
You hit the orc high priest but do no damage.
The orc high priest is moderately wounded.
You barely miss the red devil. You hit the ogre but do no damage.
You closely miss the sun demon. The smoke demon gestures at you.
Beogh smites you!
You slash the orc high priest!
The orc high priest is severely wounded.
You slash the sun demon! x2; You hit the ogre.
You block the sun demon's attack. You block the ogre's attack.
The orc warrior barely misses you. You block the orc high priest's attack.
The orc high priest mumbles some strange prayers to Beogh.
The red devil hits you but does no damage.
The chaos spawn hisses angrily.
You barely miss the orc high priest.
The orc high priest is severely wounded.
You closely miss the sun demon. x2; You hit the ogre.
You slash the chaos spawn!
The orc warrior no longer looks unusually strong.
The sun demon hits you!
You are engulfed in flames!
You resist.
The orc warrior hits you but does no damage.
The orc high priest prays to Beogh.
The sun demon hits you but does no damage.
The orc high priest hits you but does no damage.
The orc high priest hits you with a +0 war axe of electrocution.
21324 ||| READING 13 scrolls of teleportation.
As you read the scroll of teleportation, it crumbles to dust.
You feel strangely unstable.
The red devil disappears in a puff of smoke!
You block the sun demon's attack.
The chaos spawn gores you but does no damage.
The ogre hits you with a +0 giant club! The sun demon hits you.
You are engulfed in flames!
You resist.
You die...

.(. .P...#.
..\.........# (.3.o.
..... .8.........
....Po.#..# .P.o......#
.334oo##4## #ooo@3.# ##
...4#o3O.## ###.# ## .
###ยค## ##..###.#
###...### #....#...
##.......## ##.....#.#
##.......).###........#
#...........##.........
#........)...)).<.......
#....<........).........


You could see 3 orc high priests, 2 sun demons, a sixfirhy (summoned), a smoke
demon (summoned), 2 chaos spawn, a red devil (summoned), 3 orc warriors, an ogre
and an orc.

Vanquished Creatures
  Jorgrun (D:13)
  Gastronok (Lair:2)
  2 orc warlords (Orc:1)
  A stone giant (D:15)
  A minotaur (Gauntlet)
  A dire elephant (Lair:5)
  A fire dragon (D:15)
  Josephine (Lair:5)
  Erolcha (D:13)
  3 hydras
  A ghost crab (Gauntlet)
  4 centaur warriors
  A merfolk avatar (Lair:5)
  A catoblepas (Lair:4)
  3 two-headed ogres
  4 death yaks (Lair:5)
  3 boulder beetles
  2 tengu warriors (D:15)
  An orc high priest (Orc:1)
  Sonja (Lair:3)
  A shock serpent (shapeshifter) (D:14)
  2 skysharks
  A swamp dragon (Lair:2)
  5 orc knights
  Pikel (D:5)
  5 manticores
  6 deep elf pyromancers
  2 orc sorcerers
  3 cyclopes
  2 ugly things (D:13)
  2 black mambas
  6 elephants (Lair:5)
  6 cane toads
  A gargoyle (D:13)
  2 kobold demonologists
  2 unseen horrors (D:10)
  13 rime drakes
  3 komodo dragons
  A rime drake (shapeshifter) (D:15)
  3 yaktaurs (D:13)
  A tengu conjurer (D:15)
  A polar bear (shapeshifter) (D:14)
  8 trolls
  3 polar bears
  6 meliai (D:13)
  A queen bee (D:10)
  Prince Ribbit (D:5)
  4 hornets
  Grinder (D:3)
  28 blink frogs
  2 snapping turtles (Lair:5)
  6 flying skulls (Gauntlet)
  A vampire (D:14)
  10 wraiths
  42 yaks
  4 shadows
  5 wyverns
  6 fire bats (D:9)
  10 basilisks (Lair:3)
  7 vampire mosquitoes
  2 two-headed ogre zombies (D:12)
  3 swamp worms (Gauntlet)
  6 wargs
  An acid dragon (D:11)
  13 water moccasins
  A meliai simulacrum (D:14)
  29 orc warriors
  A sky beast (D:6)
  2 ice beasts (D:7)
  3 black bears
  3 ogres
  2 phantoms
  16 centaurs
  7 kobold brigands
  Blork the orc (D:5)
  15 bullfrogs
  2 gnoll sergeants
  2 scorpions
  38 killer bees
  A troll zombie (D:12)
  2 howler monkeys (D:8)
  2 gnoll boudas
  3 hounds
  18 orc priests
  2 jellies (D:5)
  Ijyb (D:3)
  A sleepcap (D:5)
  Natasha (D:3)
  2 iguanas (D:5)
  24 orc wizards
  12 hell rats (Lair:3)
  5 ogre zombies (D:12)
  21 gnolls
  9 adders
  2 shadow imps
  3 white imps
  An ufetubus (D:4)
  2 dart slugs
  45 orcs
  2 endoplasms
  5 giant cockroaches
  14 goblins
  5 hobgoblins
  23 kobolds
  2 quokkas
  6 ball pythons
  82 bats
  A frilled lizard (D:1)
  2 goblin skeletons (D:12)
  5 goblin zombies (D:12)
  2 hobgoblin skeletons (D:12)
  2 hobgoblin zombies (D:12)
  14 orc zombies (D:12)
  8 rats
725 creatures vanquished.

Vanquished Creatures (others)
  A jelly (D:6)
1 creature vanquished.

Grand Total: 726 creatures vanquished

Notes
Turn   | Place    | Note
-------+----------+-------------------------------------------
     0 | D:1      | qw the Gargoyle Fighter began the quest for the Orb.
     0 | D:1      | Reached XP level 1. HP: 14/14 MP: 1/1
     0 | D:1      | 0 ||| qw: Version: 0.2-a-100-g3d2c45e
     0 | D:1      | 0 ||| qw: Game counter: 198
     0 | D:1      | 0 ||| qw: Always use a shield: true
     0 | D:1      | 0 ||| qw: God list: Okawaru
     0 | D:1      | 0 ||| qw: Allow faded altars: false
     0 | D:1      | 0 ||| qw: Do Orc after D:15 true
     0 | D:1      | 0 ||| qw: Do second Lair branch before Depths: true
     0 | D:1      | 0 ||| qw: Lair rune preference: random
     0 | D:1      | 0 ||| qw: Plans: Normal, Zot:1-4, God:TSO, Crypt, Tomb,
                  | Pan, Slime:5, Hells, Abyss, Win
     0 | D:1      | 0 ||| PLANNING D:1-11
    85 | D:1      | Reached skill level 2 in Axes
   190 | D:1      | Reached XP level 2. HP: 19/19 MP: 2/2
   273 | D:1      | Found a faded altar of an unknown god.
   273 | D:1      | Noticed a balrug
   391 | D:1      | 391 ||| Stepping ~*~*~tactically~*~*~ (hiding).
   395 | D:1      | 395 ||| Stepping ~*~*~tactically~*~*~ (hiding).
   403 | D:1      | Reached skill level 3 in Axes
   755 | D:1      | Reached XP level 3. HP: 23/23 MP: 3/3
   785 | D:1      | 785 ||| DROPPING ring of flight.
   786 | D:1      | 786 ||| READING scroll labelled GYMAED ZOI.
   887 | D:1      | 887 ||| READING 2 scrolls labelled VUOZXA HUFONGY.
   888 | D:1      | 888 ||| READING scroll labelled SIFE EKKAYJAUP.
   888 | D:1      | Identified a scroll of acquirement
   888 | D:1      | 888 ||| ACQUIRING +8 crystal plate armour "Weypi" {rPois
                  | Str+3}
   888 | D:1      | Acquired the +8 crystal plate armour "Weypi" {rPois Str+3}
   890 | D:1      | 890 ||| UPGRADING to +8 crystal plate armour "Weypi" {rPois
                  | Str+3}.
   900 | D:1      | 900 ||| DROPPING +0 scale mail.
   901 | D:1      | 901 ||| READING scroll labelled ZOVONA HAUGRO.
   902 | D:1      | 902 ||| DROPPING scroll of poison.
   920 | D:2      | 920 ||| STAIRDANCE
  1012 | D:2      | Reached XP level 4. HP: 7/28 MP: 4/4
  1013 | D:2      | Reached skill level 4 in Axes
  1152 | D:2      | 1152 ||| Stepping ~*~*~tactically~*~*~ (hiding).
  1153 | D:2      | 1153 ||| Stepping ~*~*~tactically~*~*~ (hiding).
  1154 | D:2      | 1154 ||| Stepping ~*~*~tactically~*~*~ (hiding).
  1158 | D:2      | 1158 ||| Stepping ~*~*~tactically~*~*~ (hiding).
  1199 | D:2      | 1199 ||| Stepping ~*~*~tactically~*~*~ (stealth).
  1203 | D:2      | 1203 ||| Stepping ~*~*~tactically~*~*~ (stealth).
  1204 | D:2      | 1204 ||| Stepping ~*~*~tactically~*~*~ (stealth).
  1292 | D:2      | 1292 ||| Stepping ~*~*~tactically~*~*~ (hiding).
  1293 | D:2      | 1293 ||| Stepping ~*~*~tactically~*~*~ (hiding).
  1649 | D:2      | 1649 ||| UPGRADING to +0 pair of gloves.
  1654 | D:2      | 1654 ||| READING scroll labelled KOLEUVOLLAIQ.
  1655 | D:2      | 1655 ||| READING scroll labelled XURGHO WIFUMPI.
  1656 | D:2      | 1656 ||| DRINKING 2 inky potions.
  1657 | D:2      | 1657 ||| DRINKING 2 fizzy yellow potions.
  1658 | D:2      | 1658 ||| DRINKING 3 fuming inky potions.
  1659 | D:2      | 1659 ||| DRINKING 2 bubbling yellow potions.
  1660 | D:2      | 1660 ||| DROPPING potion of brilliance.
  1674 | D:3      | Identified the +3 spear "Beetlebane" {venom, rF+ Dex+5}
  1674 | D:3      | Noticed Ijyb
  1677 | D:3      | Noticed Grinder
  1686 | D:3      | Reached XP level 5. HP: 28/32 MP: 5/5
  1687 | D:3      | Paralysed by Grinder for 4 turns
  1695 | D:3      | HP: 7/32 [Ijyb/+0 club (4)]
  1696 | D:3      | 1696 ||| DRINKING potion of heal wounds.
  1703 | D:3      | Killed Ijyb
  1703 | D:3      | Paralysed by Grinder for 4 turns
  1728 | D:3      | Killed Grinder
  1729 | D:3      | Reached skill level 6 in Axes
  1729 | D:3      | Reached XP level 6. HP: 33/37 MP: 6/6
  1973 | D:3      | Found a transporter.
  2116 | D:3      | Found a transporter.
  2120 | D:3      | Noticed qw's ghost (amateur GrFi)
  2195 | D:3      | Noticed Natasha
  2196 | D:3      | 2196 ||| Stepping ~*~*~tactically~*~*~ (hiding).
  2197 | D:3      | 2197 ||| Stepping ~*~*~tactically~*~*~ (hiding).
  2206 | D:3      | Killed Natasha
  2243 | D:3      | Found a runed translucent door.
  2244 | D:3      | Noticed Crazy Yiuf
  2247 | D:3      | 2247 ||| UPGRADING to +0 pair of boots.
  2252 | D:3      | 2252 ||| READING scroll labelled LESYITH KYLUGI.
  2253 | D:3      | 2253 ||| READING scroll labelled XEMEIC PAEDGHAH.
  2254 | D:3      | 2254 ||| READING 2 scrolls of identify.
  2254 | D:3      | 2254 ||| IDENTIFYING metallic silvery potion
  2300 | D:4      | 2300 ||| DROPPING +0 club.
  2316 | D:4      | Reached XP level 7. HP: 44/44 MP: 7/7
  2346 | D:4      | 2346 ||| Stepping ~*~*~tactically~*~*~ (hiding).
  2418 | D:4      | Found Nionlari's Distillery.
  2418 | D:4      | Found Jyrulloj's Jewellery Boutique.
  2444 | D:4      | 2444 ||| SHOPLISTING potion of haste (130 gold, have 112).
  2444 | D:4      | 2444 ||| BUYING potion of heal wounds (65 gold).
  2444 | D:4      | Bought a potion of heal wounds for 65 gold pieces
  2444 | D:4      | 2444 ||| SHOPLISTING potion of might (52 gold, have 47).
  2444 | D:4      | 2444 ||| SHOPLISTING potion of mutation (104 gold, have
                  | 47).
  2456 | D:4      | 2456 ||| SHOPLISTING +5 ring of evasion (396 gold, have
                  | 47).
  2456 | D:4      | 2456 ||| SHOPLISTING +6 ring of dexterity (396 gold, have
                  | 47).
  2456 | D:4      | 2456 ||| SHOPLISTING amulet of guardian spirit (330 gold,
                  | have 47).
  2456 | D:4      | 2456 ||| SHOPLISTING amulet of reflection (330 gold, have
                  | 47).
  2456 | D:4      | 2456 ||| SHOPLISTING amulet of regeneration (330 gold, have
                  | 47).
  2456 | D:4      | 2456 ||| SHOPLISTING ring of fire (275 gold, have 47).
  2456 | D:4      | 2456 ||| SHOPLISTING ring of protection from fire (275
                  | gold, have 47).
  2494 | D:4      | Identified the +2 pair of boots of Past Mistakes {Str+2}
  2537 | D:4      | 2537 ||| Stepping ~*~*~tactically~*~*~ (hiding).
  2538 | D:4      | 2538 ||| Stepping ~*~*~tactically~*~*~ (hiding).
  2539 | D:4      | 2539 ||| Stepping ~*~*~tactically~*~*~ (hiding).
  2540 | D:4      | 2540 ||| Stepping ~*~*~tactically~*~*~ (hiding).
  2956 | D:4      | 2956 ||| Stepping ~*~*~tactically~*~*~ (hiding).
  3090 | D:4      | 3090 ||| Stepping ~*~*~tactically~*~*~ (stealth).
  3131 | D:4      | 3131 ||| Stepping ~*~*~tactically~*~*~ (stealth).
  3133 | D:4      | 3133 ||| Stepping ~*~*~tactically~*~*~ (stealth).
  3269 | D:4      | 3269 ||| UPGRADING to +2 pair of boots of Past Mistakes
                  | {Str+2}.
  3279 | D:4      | 3279 ||| DROPPING +0 pair of boots.
  3280 | D:4      | 3280 ||| READING 5 scrolls of identify.
  3280 | D:4      | 3280 ||| IDENTIFYING yellow potion
  3281 | D:4      | 3281 ||| DROPPING potion of berserk rage.
  3307 | D:5      | Entered Level 5 of the Dungeon
  3370 | D:5      | 3370 ||| Stepping ~*~*~tactically~*~*~ (hiding).
  3386 | D:5      | 3386 ||| FLEEEEING.
  3390 | D:5      | 3390 ||| STAIRDANCE
  3463 | D:4      | 3463 ||| READING scroll labelled ZALAGA CEGRI.
  3464 | D:4      | 3464 ||| READING 4 scrolls of identify.
  3464 | D:4      | 3464 ||| IDENTIFYING black potion
  3465 | D:4      | 3465 ||| DROPPING potion of degeneration.
  3497 | D:5      | Noticed Prince Ribbit
  3499 | D:5      | Killed Prince Ribbit
  3500 | D:5      | Reached skill level 7 in Axes
  3500 | D:5      | Reached XP level 8. HP: 43/48 MP: 8/8
  3569 | D:5      | 3569 ||| Stepping ~*~*~tactically~*~*~ (hiding).
  3570 | D:5      | 3570 ||| FLEEEEING.
  3571 | D:5      | 3571 ||| FLEEEEING.
  3572 | D:5      | 3572 ||| FLEEEEING.
  3573 | D:5      | 3573 ||| FLEEEEING.
  3575 | D:5      | 3575 ||| FLEEEEING.
  3576 | D:5      | 3576 ||| FLEEEEING.
  3577 | D:5      | 3577 ||| FLEEEEING.
  3578 | D:5      | 3578 ||| FLEEEEING.
  3579 | D:5      | 3579 ||| FLEEEEING.
  3580 | D:5      | 3580 ||| FLEEEEING.
  3581 | D:5      | 3581 ||| FLEEEEING.
  3582 | D:5      | 3582 ||| FLEEEEING.
  3583 | D:5      | 3583 ||| FLEEEEING.
  3584 | D:5      | 3584 ||| FLEEEEING.
  3585 | D:5      | 3585 ||| STAIRDANCE
  3604 | D:5      | 3604 ||| Stepping ~*~*~tactically~*~*~ (hiding).
  3612 | D:5      | 3612 ||| STAIRDANCE
  3678 | D:5      | Found a staircase to the Ecumenical Temple.
  3679 | D:5      | 3679 ||| PLANNING TEMPLE
  3683 | D:5      | 3683 ||| FLEEEEING.
  3684 | D:5      | 3684 ||| FLEEEEING.
  3685 | D:5      | 3685 ||| FLEEEEING.
  3686 | D:5      | 3686 ||| FLEEEEING.
  3686 | D:5      | Noticed Pikel
  3687 | D:5      | 3687 ||| FLEEEEING.
  3688 | D:5      | 3688 ||| FLEEEEING.
  3692 | D:5      | Reached skill level 6 in Armour
  3703 | D:5      | Killed Pikel
  3704 | D:5      | Reached skill level 3 in Dodging
  3704 | D:5      | Reached XP level 9. HP: 31/54 MP: 9/9
  3791 | Temple   | Entered the Ecumenical Temple
  3807 | Temple   | 3807 ||| PLANNING OKAWARU WORSHIP
  4067 | Temple   | Became a worshipper of Warmaster Okawaru
  4067 | Temple   | 4067 ||| PLANNING D:1-11
  4174 | D:5      | 4174 ||| Stepping ~*~*~tactically~*~*~ (stealth).
  4307 | D:5      | Noticed Blork the orc
  4315 | D:5      | Killed Blork the orc
  4316 | D:5      | Reached skill level 8 in Axes
  4338 | D:5      | You fall into a shaft and drop 1 floor!
  4350 | D:6      | 4350 ||| READING scroll labelled SODAKK KUOV.
  4351 | D:6      | 4351 ||| READING scroll labelled ZOWKEO GA FIG.
  4352 | D:6      | 4352 ||| READING scroll labelled PESEDWOINE.
  4353 | D:6      | 4353 ||| READING 4 scrolls of identify.
  4353 | D:6      | 4353 ||| IDENTIFYING fuming dark potion
  4354 | D:6      | 4354 ||| DROPPING potion of invisibility.
  4516 | D:6      | Reached skill level 1 in Throwing
  4568 | D:6      | 4568 ||| READING 2 scrolls labelled XUVU TIZEYDO.
  4573 | D:6      | 4573 ||| READING 4 scrolls of identify.
  4573 | D:6      | 4573 ||| IDENTIFYING bubbling brown potion
  4618 | D:6      | Found a runed translucent gate.
  4620 | D:6      | Found a runed translucent gate.
  4620 | D:6      | Found a runed translucent gate.
  4621 | D:6      | Noticed qw's ghost (novice GrFi)
  4622 | D:6      | Noticed qw's ghost (amateur GrFi)
  4699 | D:5      | 4699 ||| Stepping ~*~*~tactically~*~*~ (hiding).
  4929 | D:6      | Found Ecvar's Tiny Tomes.
  5073 | D:6      | Reached skill level 6 in Fighting
  5329 | D:6      | 5329 ||| DROPPING +1 pair of boots.
  5330 | D:6      | 5330 ||| READING 4 scrolls of identify.
  5330 | D:6      | 5330 ||| IDENTIFYING brown potion
  5360 | D:7      | 5360 ||| STAIRDANCE
  5461 | D:7      | 5461 ||| Stepping ~*~*~tactically~*~*~ (hiding).
  5468 | D:7      | 5468 ||| Stepping ~*~*~tactically~*~*~ (hiding).
  5473 | D:7      | 5473 ||| Stepping ~*~*~tactically~*~*~ (hiding).
  5483 | D:7      | Reached * piety under Okawaru
  5484 | D:7      | 5484 ||| Stepping ~*~*~tactically~*~*~ (hiding).
  5494 | D:7      | 5494 ||| INVOKING Heroism.
  5579 | D:7      | Reached skill level 1 in Invocations
  5588 | D:7      | Found a flagged portal.
  5644 | D:7      | 5644 ||| READING scroll of brand weapon.
  5644 | D:7      | 5644 ||| BRANDING +0 war axe of electrocution.
  5680 | D:7      | 5680 ||| INVOKING Heroism.
  5683 | D:7      | 5683 ||| DRINKING 4 potions of curing.
  5683 | D:7      | 5683 ||| (to cure confusion)
  5739 | D:7      | 5739 ||| Stepping ~*~*~tactically~*~*~ (stealth).
  5747 | D:7      | 5747 ||| Stepping ~*~*~tactically~*~*~ (stealth).
  5829 | D:7      | 5829 ||| READING scroll of acquirement.
  5829 | D:7      | 5829 ||| ACQUIRING +0 war axe of freezing
  5829 | D:7      | Acquired a +0 war axe of freezing
  5831 | D:7      | 5831 ||| SWAPPING to +0 war axe of freezing.
  5832 | D:7      | 5832 ||| DROPPING +0 war axe of venom.
  5962 | D:7      | 5962 ||| READING scroll labelled YSOAFE RIFIERCH.
  5963 | D:7      | 5963 ||| READING 4 scrolls of identify.
  5963 | D:7      | 5963 ||| IDENTIFYING golden potion
  5964 | D:7      | 5964 ||| DROPPING potion of ambrosia.
  5995 | D:8      | 5995 ||| Stepping ~*~*~tactically~*~*~ (stealth).
  6010 | D:8      | Reached skill level 3 in Invocations
  6012 | D:8      | 6012 ||| INVOKING Heroism.
  6024 | D:8      | Reached skill level 9 in Axes
  6024 | D:8      | Reached XP level 10. HP: 39/60 MP: 10/12
  6050 | D:8      | 6050 ||| FLEEEEING.
  6051 | D:8      | 6051 ||| FLEEEEING.
  6052 | D:8      | 6052 ||| FLEEEEING.
  6053 | D:8      | 6053 ||| FLEEEEING.
  6054 | D:8      | 6054 ||| FLEEEEING.
  6055 | D:8      | 6055 ||| FLEEEEING.
  6056 | D:8      | 6056 ||| FLEEEEING.
  6057 | D:8      | 6057 ||| FLEEEEING.
  6058 | D:8      | 6058 ||| FLEEEEING.
  6059 | D:8      | 6059 ||| STAIRDANCE
  6131 | D:8      | 6131 ||| Stepping ~*~*~tactically~*~*~ (stealth).
  6134 | D:8      | 6134 ||| Stepping ~*~*~tactically~*~*~ (hiding).
  6136 | D:8      | 6136 ||| DRINKING 3 potions of curing.
  6136 | D:8      | 6136 ||| (to cure confusion)
  6137 | D:8      | 6137 ||| INVOKING Heroism.
  6147 | D:8      | 6147 ||| Stepping ~*~*~tactically~*~*~ (stealth).
  6149 | D:8      | 6149 ||| Stepping ~*~*~tactically~*~*~ (hiding).
  6166 | D:8      | 6166 ||| INVOKING Heroism.
  6178 | D:8      | HP: 14/60 [gnoll/+1 whip of distortion[a gnoll sergeant]
                  | (2)]
  6179 | D:8      | 6179 ||| READING scroll of teleportation.
  6180 | D:8      | 6180 ||| DRINKING 3 potions of heal wounds.
  6208 | D:8      | 6208 ||| Stepping ~*~*~tactically~*~*~ (stealth).
  6254 | D:8      | 6254 ||| Stepping ~*~*~tactically~*~*~ (stealth).
  6380 | D:8      | 6380 ||| INVOKING Heroism.
  6393 | D:8      | 6393 ||| Stepping ~*~*~tactically~*~*~ (stealth).
  6397 | D:8      | 6397 ||| Stepping ~*~*~tactically~*~*~ (stealth).
  6813 | D:8      | 6813 ||| UPGRADING to amulet of reflection.
  6818 | D:8      | 6818 ||| READING scroll labelled SUYMEY GIOH.
  6861 | D:8      | 6861 ||| READING 4 scrolls of identify.
  6861 | D:8      | 6861 ||| IDENTIFYING green potion
  6939 | D:9      | Found a staircase to the Lair.
  7175 | D:9      | 7175 ||| Stepping ~*~*~tactically~*~*~ (hiding).
  7178 | D:9      | 7178 ||| DRINKING 4 potions of curing.
  7178 | D:9      | 7178 ||| (to cure confusion)
  7195 | D:9      | 7195 ||| DRINKING 3 potions of curing.
  7195 | D:9      | 7195 ||| (to cure confusion)
  7201 | D:9      | 7201 ||| DRINKING 2 potions of curing.
  7201 | D:9      | 7201 ||| (to cure confusion)
  7203 | D:9      | 7203 ||| DRINKING potion of curing.
  7203 | D:9      | 7203 ||| (to cure confusion)
  7223 | D:9      | Found a runed translucent door.
  7251 | D:9      | Found a glowing silver altar of Zin.
  7277 | D:9      | Found a glowing silver altar of Zin.
  7289 | D:9      | Found a hazy altar of Hepliaklqana.
  7309 | D:9      | Found a radiant altar of Vehumet.
  7337 | D:9      | 7337 ||| Stepping ~*~*~tactically~*~*~ (stealth).
  7338 | D:9      | 7338 ||| Stepping ~*~*~tactically~*~*~ (stealth).
  7367 | D:9      | 7367 ||| INVOKING Heroism.
  7471 | D:9      | Reached ** piety under Okawaru
  7473 | D:9      | 7473 ||| Stepping ~*~*~tactically~*~*~ (stealth).
  7494 | D:9      | Reached skill level 10 in Axes
  7495 | D:9      | 7495 ||| Stepping ~*~*~tactically~*~*~ (stealth).
  7504 | D:9      | 7504 ||| Stepping ~*~*~tactically~*~*~ (stealth).
  7515 | D:9      | 7515 ||| Stepping ~*~*~tactically~*~*~ (stealth).
  7543 | D:9      | 7543 ||| Stepping ~*~*~tactically~*~*~ (stealth).
  7544 | D:9      | 7544 ||| Stepping ~*~*~tactically~*~*~ (stealth).
  7561 | D:9      | Found an opulent altar of Gozag.
  7643 | D:9      | Found a shimmering blue altar of Sif Muna.
  7669 | D:9      | Reached skill level 9 in Armour
  7751 | D:9      | Noticed a flayed ghost
  8306 | D:9      | 8306 ||| PLANNING LAIR
  8306 | D:9      | 8306 ||| DROPPING amulet of guardian spirit.
  8307 | D:9      | 8307 ||| UPGRADING to ring of see invisible.
  8308 | D:9      | 8308 ||| READING scroll labelled QYM BOAHOA.
  8402 | Lair:1   | Entered Level 1 of the Lair of Beasts
  8472 | Lair:1   | Noticed a black mamba
  8473 | Lair:1   | 8473 ||| INVOKING Heroism.
  8486 | Lair:1   | Killed a black mamba
  8487 | Lair:1   | Reached XP level 11. HP: 62/69 MP: 12/14
  8557 | Lair:1   | 8557 ||| Stepping ~*~*~tactically~*~*~ (stealth).
  8572 | Lair:1   | 8572 ||| INVOKING Heroism.
  8575 | Lair:1   | Reached *** piety under Okawaru
  8677 | Lair:1   | 8677 ||| INVOKING Heroism.
  8815 | Lair:1   | Identified the +4 long sword of Miom {antimagic, rN+ Str+3}
  8901 | Lair:1   | 8901 ||| INVOKING Heroism.
  8919 | Lair:1   | Reached skill level 11 in Axes
  8977 | Lair:1   | 8977 ||| INVOKING Heroism.
  8996 | Lair:1   | 8996 ||| INVOKING Heroism.
  9544 | Lair:1   | 9544 ||| READING 4 scrolls of identify.
  9544 | Lair:1   | 9544 ||| IDENTIFYING fizzy dark potion
  9610 | Lair:2   | Noticed Gastronok
  9611 | Lair:2   | 9611 ||| Stepping ~*~*~tactically~*~*~ (hiding).
  9618 | Lair:2   | 9618 ||| Stepping ~*~*~tactically~*~*~ (hiding).
  9624 | Lair:2   | 9624 ||| INVOKING Heroism.
  9638 | Lair:2   | Killed Gastronok
  9638 | Lair:2   | Reached **** piety under Okawaru
  9765 | Lair:2   | Found a hole to the Spider Nest.
  9765 | Lair:2   | Noticed an orb spider
  9766 | Lair:2   | 9766 ||| UPGRADING to +1 hat.
  9835 | Lair:2   | 9835 ||| INVOKING Heroism.
  9873 | Lair:2   | 9873 ||| INVOKING Heroism.
  9974 | Lair:2   | Noticed a seven-headed hydra
  9975 | Lair:2   | 9975 ||| INVOKING Heroism.
  9977 | Lair:2   | 9977 ||| SWAPPING to +0 morningstar.
  9983 | Lair:2   | Killed a seven-headed hydra
  9984 | Lair:2   | Reached skill level 9 in Fighting
  9984 | Lair:2   | 9984 ||| SWAPPING to +1 war axe of freezing.
 10134 | Lair:2   | Reached XP level 12. HP: 76/76 MP: 16/16
 10173 | Lair:2   | Reached skill level 6 in Invocations
 10193 | Lair:2   | Found a staircase to the Swamp.
 10270 | Lair:2   | Reached ***** piety under Okawaru
 10280 | Lair:2   | 10280 ||| INVOKING Heroism.
 10590 | Lair:2   | 10590 ||| READING scroll labelled FIALUECKASK.
 10777 | Lair:3   | 10777 ||| Stepping ~*~*~tactically~*~*~ (hiding).
 10779 | Lair:3   | 10779 ||| Stepping ~*~*~tactically~*~*~ (hiding).
 10877 | Lair:3   | Noticed Sonja
 10878 | Lair:3   | 10878 ||| INVOKING Heroism.
 10891 | Lair:3   | Killed Sonja
 11095 | Lair:3   | 11095 ||| Stepping ~*~*~tactically~*~*~ (hiding).
 11108 | Lair:3   | 11108 ||| INVOKING Heroism.
 11121 | Lair:3   | Reached skill level 12 in Axes
 11130 | Lair:3   | Reached skill level 6 in Shields
 11146 | Lair:3   | Identified the +0 plate armour "Raeg" {Will+} (Okawaru
                  | gifted it to you on level 3 of the Lair of Beasts)
 11146 | Lair:3   | Received a gift from Okawaru
 11153 | Lair:3   | 11153 ||| INVOKING Heroism.
 11156 | Lair:3   | Reached skill level 9 in Invocations
 11568 | Lair:3   | 11568 ||| DROPPING orb of wrath.
 11601 | Lair:4   | Noticed a catoblepas
 11604 | Lair:4   | 11604 ||| Stepping ~*~*~tactically~*~*~ (stealth).
 11605 | Lair:4   | 11605 ||| INVOKING Heroism.
 11606 | Lair:4   | 11606 ||| INVOKING Finesse.
 11610 | Lair:4   | Killed a catoblepas
 11623 | Lair:4   | 11623 ||| Stepping ~*~*~tactically~*~*~ (stealth).
 11625 | Lair:4   | 11625 ||| Stepping ~*~*~tactically~*~*~ (stealth).
 11629 | Lair:4   | 11629 ||| INVOKING Heroism.
 11683 | Lair:4   | 11683 ||| INVOKING Heroism.
 11718 | Lair:4   | 11718 ||| READING scroll of enchant weapon.
 11718 | Lair:4   | 11718 ||| ENCHANTING +1 war axe of freezing.
 11749 | Lair:4   | 11749 ||| INVOKING Heroism.
 11886 | Lair:4   | 11886 ||| INVOKING Heroism.
 11896 | Lair:4   | Reached XP level 13. HP: 82/82 MP: 18/20
 12267 | Lair:4   | Found a staircase to the Slime Pits.
 12403 | Lair:4   | 12403 ||| Stepping ~*~*~tactically~*~*~ (stealth).
 12404 | Lair:4   | 12404 ||| INVOKING Heroism.
 12551 | Lair:5   | Entered Level 5 of the Lair of Beasts
 12565 | Lair:5   | 12565 ||| STAIRDANCE
 12568 | Lair:4   | Reached skill level 13 in Axes
 12622 | Lair:5   | 12622 ||| INVOKING Heroism.
 12693 | Lair:5   | 12693 ||| INVOKING Heroism.
 12701 | Lair:5   | 12701 ||| Stepping ~*~*~tactically~*~*~ (water).
 12811 | Lair:5   | Reached skill level 12 in Armour
 12811 | Lair:5   | 12811 ||| Stepping ~*~*~tactically~*~*~ (stealth).
 12831 | Lair:5   | 12831 ||| Stepping ~*~*~tactically~*~*~ (stealth).
 12858 | Lair:5   | Noticed a dire elephant
 12859 | Lair:5   | 12859 ||| INVOKING Heroism.
 12884 | Lair:5   | Killed a dire elephant
 12899 | Lair:5   | 12899 ||| Stepping ~*~*~tactically~*~*~ (stealth).
 12900 | Lair:5   | 12900 ||| Stepping ~*~*~tactically~*~*~ (stealth).
 12972 | Lair:5   | 12972 ||| INVOKING Heroism.
 13001 | Lair:5   | 13001 ||| Stepping ~*~*~tactically~*~*~ (stealth).
 13025 | Lair:5   | 13025 ||| INVOKING Heroism.
 13042 | Lair:5   | Reached skill level 14 in Axes
 13082 | Lair:5   | 13082 ||| FLEEEEING.
 13083 | Lair:5   | 13083 ||| FLEEEEING.
 13132 | Lair:5   | 13132 ||| INVOKING Heroism.
 13151 | Lair:5   | 13151 ||| Stepping ~*~*~tactically~*~*~ (stealth).
 13180 | Lair:5   | 13180 ||| INVOKING Heroism.
 13237 | Lair:5   | Noticed Josephine
 13247 | Lair:5   | Killed Josephine
 13306 | Lair:5   | 13306 ||| INVOKING Heroism.
 13312 | Lair:5   | 13312 ||| SWAPPING to +0 morningstar.
 13324 | Lair:5   | 13324 ||| SWAPPING to +2 war axe of freezing.
 13375 | Lair:5   | Identified the +2 robe of Divine Intervention {rF+ Regen+
                  | Dex+3}
 13448 | Lair:5   | Gained mutation: Your large and strong wings let you fly.
                  | [Gargoyle growth]
 13448 | Lair:5   | Reached XP level 14. HP: 82/90 MP: 21/21
 13777 | Lair:5   | 13777 ||| PLANNING D:1-11
 13777 | Lair:5   | 13777 ||| READING 8 scrolls of identify.
 13777 | Lair:5   | 13777 ||| IDENTIFYING pink potion
 13778 | Lair:5   | 13778 ||| DROPPING potion of flight.
 13916 | D:10     | Entered Level 10 of the Dungeon
 13940 | D:10     | Found a burning altar of Makhleb.
 14142 | D:10     | 14142 ||| READING scroll of enchant weapon.
 14142 | D:10     | 14142 ||| ENCHANTING +2 war axe of freezing.
 14152 | D:10     | 14152 ||| Stepping ~*~*~tactically~*~*~ (stealth).
 14153 | D:10     | 14153 ||| Stepping ~*~*~tactically~*~*~ (stealth).
 14171 | D:10     | 14171 ||| INVOKING Heroism.
 14189 | D:10     | 14189 ||| Stepping ~*~*~tactically~*~*~ (stealth).
 14627 | D:10     | 14627 ||| READING scroll of acquirement.
 14627 | D:10     | 14627 ||| ACQUIRING ring "Zout" {rF+ Slay+4}
 14627 | D:10     | Acquired the ring "Zout" {rF+ Slay+4}
 14629 | D:10     | 14629 ||| UPGRADING to ring "Zout" {rF+ Slay+4}.
 14969 | D:11     | 14969 ||| Stepping ~*~*~tactically~*~*~ (stealth).
 14971 | D:11     | 14971 ||| Stepping ~*~*~tactically~*~*~ (hiding).
 14981 | D:11     | 14981 ||| Stepping ~*~*~tactically~*~*~ (hiding).
 14985 | D:11     | 14985 ||| Stepping ~*~*~tactically~*~*~ (hiding).
 14986 | D:11     | 14986 ||| Stepping ~*~*~tactically~*~*~ (hiding).
 14998 | D:11     | 14998 ||| Stepping ~*~*~tactically~*~*~ (hiding).
 15061 | D:11     | Found a bloodstained altar of Trog.
 15151 | D:11     | 15151 ||| Stepping ~*~*~tactically~*~*~ (stealth).
 15152 | D:11     | 15152 ||| Stepping ~*~*~tactically~*~*~ (stealth).
 15153 | D:11     | 15153 ||| Stepping ~*~*~tactically~*~*~ (stealth).
 15532 | D:11     | Identified the +1 leather armour of Defiance {Rampage Will-
                  | Dex+9 Slay-5}
 15537 | D:11     | 15537 ||| INVOKING Heroism.
 15538 | D:11     | 15538 ||| INVOKING Finesse.
 15551 | D:11     | Reached skill level 15 in Axes
 15650 | D:11     | 15650 ||| PLANNING D
 15650 | D:11     | 15650 ||| DROPPING amulet of regeneration.
 15677 | D:12     | 15677 ||| PLANNING GAUNTLET
 15741 | D:12     | Found a gate leading to a gauntlet.
 15751 | Gauntlet | Entered a Gauntlet
 15751 | Gauntlet | Found a transporter.
 15751 | Gauntlet | Found a transporter.
 15751 | Gauntlet | Found a transporter.
 15775 | Gauntlet | Found a transporter.
 15785 | Gauntlet | Found a transporter.
 15787 | Gauntlet | Found a transporter.
 15799 | Gauntlet | Found a transporter.
 15817 | Gauntlet | Found a transporter.
 15834 | Gauntlet | Found a transporter.
 15835 | Gauntlet | Found a transporter.
 15843 | Gauntlet | Found a transporter.
 15846 | Gauntlet | Found a transporter.
 15913 | Gauntlet | 15913 ||| INVOKING Heroism.
 15965 | Gauntlet | Identified the +1 cloak of Impatience {MP+9 Str+4 Int+4}
 15969 | Gauntlet | 15969 ||| UPGRADING to +1 cloak of Impatience {MP+9 Str+4
                  | Int+4}.
 16032 | Gauntlet | 16032 ||| Stepping ~*~*~tactically~*~*~ (cloud).
 16035 | Gauntlet | 16035 ||| UPGRADING to +0 helmet of intelligence.
 16045 | Gauntlet | 16045 ||| DROPPING +1 hat.
 16060 | Gauntlet | Identified the +6 hand axe "Hukhir" {pain, MP+9 Dex+4}
 16061 | Gauntlet | 16061 ||| INVOKING Heroism.
 16062 | Gauntlet | 16062 ||| INVOKING Finesse.
 16107 | Gauntlet | Identified the +1 robe of Time Monsters {rCorr Str+3}
 16109 | Gauntlet | 16109 ||| DROPPING +1 heavy flail.
 16138 | D:12     | 16138 ||| PLANNING D
 16315 | D:12     | Reached skill level 3 in Throwing
 16331 | D:12     | 16331 ||| Stepping ~*~*~tactically~*~*~ (stealth).
 16332 | D:12     | 16332 ||| Stepping ~*~*~tactically~*~*~ (stealth).
 16404 | D:12     | Received a gift from Okawaru
 16422 | D:12     | 16422 ||| INVOKING Heroism.
 16455 | D:12     | 16455 ||| Stepping ~*~*~tactically~*~*~ (stealth).
 16486 | D:12     | Found a staircase to the Orcish Mines.
 16487 | D:12     | 16487 ||| Stepping ~*~*~tactically~*~*~ (stealth).
 16970 | D:12     | 16970 ||| READING 8 scrolls of identify.
 16970 | D:12     | 16970 ||| IDENTIFYING bubbling clear potion
 17073 | D:13     | 17073 ||| INVOKING Heroism.
 17074 | D:13     | 17074 ||| INVOKING Finesse.
 17075 | D:13     | 17075 ||| INVOKING Finesse.
 17232 | D:13     | 17232 ||| Stepping ~*~*~tactically~*~*~ (hiding).
 17354 | D:13     | Found a runed translucent gate.
 17354 | D:13     | Found a runed translucent gate.
 17355 | D:13     | Found a runed translucent gate.
 17355 | D:13     | Noticed Buchaag's ghost (novice MiMo)
 17473 | D:13     | 17473 ||| INVOKING Heroism.
 17504 | D:13     | Received a gift from Okawaru
 17506 | D:13     | 17506 ||| Stepping ~*~*~tactically~*~*~ (hiding).
 17640 | D:13     | Found a gate to the Vaults.
 17925 | D:13     | Noticed Jorgrun
 17926 | D:13     | 17926 ||| INVOKING Heroism.
 17927 | D:13     | 17927 ||| INVOKING Finesse.
 17938 | D:13     | Killed Jorgrun
 17938 | D:13     | Received a gift from Okawaru
 17939 | D:13     | Reached XP level 15. HP: 88/95 MP: 22/22
 17994 | D:13     | Noticed Erolcha
 18000 | D:13     | Killed Erolcha
 18022 | D:13     | 18022 ||| Stepping ~*~*~tactically~*~*~ (stealth).
 18035 | D:13     | 18035 ||| Stepping ~*~*~tactically~*~*~ (hiding).
 18037 | D:13     | 18037 ||| INVOKING Heroism.
 18076 | D:13     | 18076 ||| Stepping ~*~*~tactically~*~*~ (stealth).
 18077 | D:13     | 18077 ||| Stepping ~*~*~tactically~*~*~ (stealth).
 18079 | D:13     | 18079 ||| Stepping ~*~*~tactically~*~*~ (stealth).
 18081 | D:13     | 18081 ||| Stepping ~*~*~tactically~*~*~ (hiding).
 18082 | D:13     | 18082 ||| Stepping ~*~*~tactically~*~*~ (hiding).
 18083 | D:13     | 18083 ||| INVOKING Heroism.
 18089 | D:13     | 18089 ||| Stepping ~*~*~tactically~*~*~ (stealth).
 18094 | D:13     | 18094 ||| Stepping ~*~*~tactically~*~*~ (stealth).
 18471 | D:14     | Reached skill level 12 in Fighting
 18487 | D:14     | 18487 ||| Stepping ~*~*~tactically~*~*~ (hiding).
 18488 | D:14     | 18488 ||| Stepping ~*~*~tactically~*~*~ (hiding).
 18501 | D:14     | 18501 ||| Stepping ~*~*~tactically~*~*~ (hiding).
 18502 | D:14     | 18502 ||| Stepping ~*~*~tactically~*~*~ (hiding).
 18504 | D:14     | 18504 ||| Stepping ~*~*~tactically~*~*~ (hiding).
 18736 | D:14     | 18736 ||| INVOKING Heroism.
 18773 | D:14     | 18773 ||| Stepping ~*~*~tactically~*~*~ (hiding).
 18805 | D:14     | 18805 ||| Stepping ~*~*~tactically~*~*~ (hiding).
 18816 | D:14     | 18816 ||| Stepping ~*~*~tactically~*~*~ (hiding).
 18828 | D:14     | 18828 ||| Stepping ~*~*~tactically~*~*~ (hiding).
 18978 | D:14     | 18978 ||| INVOKING Heroism.
 18979 | D:14     | 18979 ||| SWAPPING to +0 morningstar.
 18980 | D:14     | 18980 ||| INVOKING Finesse.
 18985 | D:14     | 18985 ||| SWAPPING to +3 war axe of freezing.
 19139 | D:14     | 19139 ||| Stepping ~*~*~tactically~*~*~ (hiding).
 19269 | D:15     | Entered Level 15 of the Dungeon
 19273 | D:15     | 19273 ||| Stepping ~*~*~tactically~*~*~ (hiding).
 19274 | D:15     | 19274 ||| INVOKING Heroism.
 19451 | D:15     | 19451 ||| Stepping ~*~*~tactically~*~*~ (hiding).
 19452 | D:15     | 19452 ||| Stepping ~*~*~tactically~*~*~ (hiding).
 19564 | D:15     | Found a staircase to the Depths.
 19566 | D:15     | 19566 ||| INVOKING Heroism.
 19657 | D:15     | 19657 ||| INVOKING Heroism.
 19741 | D:15     | Received a gift from Okawaru
 19742 | D:15     | Reached skill level 16 in Axes
 20100 | D:15     | 20100 ||| PLANNING ORC
 20100 | D:15     | 20100 ||| UPGRADING to +1 pair of gloves.
 20110 | D:15     | 20110 ||| DROPPING +0 pair of gloves.
 20214 | Orc:1    | Entered Level 1 of the Orcish Mines
 20350 | Orc:1    | 20350 ||| Stepping ~*~*~tactically~*~*~ (hiding).
 20359 | Orc:1    | 20359 ||| Stepping ~*~*~tactically~*~*~ (hiding).
 20360 | Orc:1    | 20360 ||| Stepping ~*~*~tactically~*~*~ (hiding).
 20361 | Orc:1    | 20361 ||| Stepping ~*~*~tactically~*~*~ (hiding).
 20364 | Orc:1    | 20364 ||| Stepping ~*~*~tactically~*~*~ (hiding).
 20565 | Orc:1    | 20565 ||| Stepping ~*~*~tactically~*~*~ (stealth).
 20568 | Orc:1    | Noticed an orc warlord
 20569 | Orc:1    | 20569 ||| INVOKING Heroism.
 20579 | Orc:1    | Killed an orc warlord
 20634 | Orc:1    | 20634 ||| Stepping ~*~*~tactically~*~*~ (hiding).
 20644 | Orc:1    | 20644 ||| Stepping ~*~*~tactically~*~*~ (hiding).
 20647 | Orc:1    | 20647 ||| Stepping ~*~*~tactically~*~*~ (hiding).
 20648 | Orc:1    | 20648 ||| Stepping ~*~*~tactically~*~*~ (hiding).
 20649 | Orc:1    | 20649 ||| Stepping ~*~*~tactically~*~*~ (hiding).
 20705 | Orc:1    | 20705 ||| INVOKING Heroism.
 20706 | Orc:1    | 20706 ||| Stepping ~*~*~tactically~*~*~ (hiding).
 20710 | Orc:1    | 20710 ||| Stepping ~*~*~tactically~*~*~ (hiding).
 20711 | Orc:1    | 20711 ||| Stepping ~*~*~tactically~*~*~ (hiding).
 20713 | Orc:1    | 20713 ||| Stepping ~*~*~tactically~*~*~ (hiding).
 20714 | Orc:1    | 20714 ||| Stepping ~*~*~tactically~*~*~ (hiding).
 20718 | Orc:1    | 20718 ||| DRINKING 6 potions of curing.
 20718 | Orc:1    | 20718 ||| (to cure confusion)
 20790 | Orc:1    | 20790 ||| Stepping ~*~*~tactically~*~*~ (hiding).
 20791 | Orc:1    | 20791 ||| Stepping ~*~*~tactically~*~*~ (hiding).
 20806 | Orc:1    | Noticed an orc warlord
 20807 | Orc:1    | 20807 ||| INVOKING Heroism.
 20826 | Orc:1    | Killed an orc warlord
 20892 | Orc:1    | 20892 ||| SWAPPING to +0 broad axe.
 20893 | Orc:1    | 20893 ||| DROPPING +3 war axe of freezing.
 20914 | Orc:1    | 20914 ||| INVOKING Heroism.
 20916 | Orc:1    | Received a gift from Okawaru
 20972 | Orc:1    | 20972 ||| Stepping ~*~*~tactically~*~*~ (hiding).
 20976 | Orc:1    | 20976 ||| INVOKING Heroism.
 20983 | Orc:1    | Reached skill level 6 in Throwing
 21178 | Orc:2    | Entered Level 2 of the Orcish Mines
 21195 | Orc:2    | 21195 ||| Stepping ~*~*~tactically~*~*~ (stealth).
 21197 | Orc:2    | 21197 ||| Stepping ~*~*~tactically~*~*~ (hiding).
 21201 | Orc:2    | 21201 ||| Stepping ~*~*~tactically~*~*~ (hiding).
 21251 | Orc:2    | 21251 ||| Stepping ~*~*~tactically~*~*~ (stealth).
 21253 | Orc:2    | 21253 ||| Stepping ~*~*~tactically~*~*~ (hiding).
 21265 | Orc:2    | 21265 ||| DRINKING 5 potions of curing.
 21265 | Orc:2    | 21265 ||| (to cure confusion)
 21289 | Orc:2    | 21289 ||| Stepping ~*~*~tactically~*~*~ (stealth).
 21291 | Orc:2    | 21291 ||| Stepping ~*~*~tactically~*~*~ (hiding).
 21291 | Orc:2    | Found Dyhixteg's Antique Armour Boutique.
 21292 | Orc:2    | 21292 ||| Stepping ~*~*~tactically~*~*~ (hiding).
 21296 | Orc:2    | 21296 ||| INVOKING Heroism.
 21305 | Orc:2    | 21305 ||| Stepping ~*~*~tactically~*~*~ (hiding).
 21306 | Orc:2    | 21306 ||| Stepping ~*~*~tactically~*~*~ (hiding).
 21323 | Orc:2    | HP: 18/96 [sun demon[an orc high priest] (9)]
 21324 | Orc:2    | 21324 ||| READING 13 scrolls of teleportation.
 21324 | Orc:2    | HP: 2/96 [ogre/+0 giant club (14)]
 21324 | Orc:2    | Mangled by a sun demon

Levels and vault maps discovered:
D:1:      tekkud_arrival_beachfront_property, layout_loops_cross,
          dreamdust_ecumenical_altar_sealed_demon
D:2:      layout_rooms, minivault_19, minmay_statues_item
D:3:      layout_rooms, gammafunk_ghost_gnarly_gnolls, uniq_grinder,
          uniq_natasha, uniq_crazy_yiuf_cottage, uniq_ijyb
D:4:      layout_loops_corners, serial_shops, shop, shop
D:5:      minmay_spotlight, layout_basic, temple_pool_b, uniq_pikel,
          uniq_blork_the_orc, uniq_prince_ribbit1
D:6:      layout_loops_ring, gammafunk_ghost_cemetery, grunt_decor_clamped,
          solitary_fountain, minmay_hedge_maze,
          nicolae_shop_i_like_small_books_too, lemuel_flamethrower_2
D:7:      layout_basic, enter_bailey_5
D:8:      layout_rooms
D:9:      due_megacathedral, layout_cave_pods, lair_entry_dummy
D:10:     layout_loops_corners, mainiacjoe_overflow_alcove_1, special_room
          [special_room_bee]
D:11:     layout_irregular_city, bloody_trog
D:12:     layout_long_grid, zombieorc2_lemuel, gauntlet_entry_generic,
          grunt_decor_junction
D:13:     layout_loops_corners, hangedman_vaults_entry_quadrant_bands,
          gammafunk_ghost_nasty_kobolds, uniq_erolcha, uniq_jorgrun
D:14:     layout_roguey
D:15:     grunt_enter_depths_snipers, layout_gridville, grunt_decor_resistance
Temple:   nicolae_temple_the_god_donut
Lair:1:   layout_cave_pods, beast_lair_carwin_1
Lair:2:   layout_long_grid, minmay_swamp_entry_reptiles,
          nicolae_spider_entry_orb_guardian, minivault_25,
          infiniplex_staircase_pool_2, uniq_gastronok
Lair:3:   layout_concentric_octagons, special_room [special_room_mythical_zoo],
          serial_bayou_shore_b, uniq_sonja
Lair:4:   layout_regular_city, slime_entry_1
Lair:5:   gammafunk_lair_ancient_temple, layout_long_grid, serial_bayou_pond_e,
          uniq_josephine
Orc:1:    orc_temple, layout_caves
Orc:2:    grunt_orc_gardens, layout_diamond_mine, grunt_orc_garden,
          grunt_orc_garden, grunt_orc_garden, grunt_orc_garden, serial_shops,
          shop, uniq_nessos

Skill      XL: |  1  2  3  4  5  6  7  8  9 10 11 12 13 14 15 |
---------------+----------------------------------------------+-----
Axes           | 2 3 4 6 7 9 10 11 12 14 15 16 | 16.0
Armour         | 4 5 6 7 9 10 11 12 14 | 14.7
Fighting       | 4 5 6 8 9 10 11 12 | 12.0
Dodging        | 3 |  3.8
Throwing       | 1 4 6 |  6.0
Invocations    | 3 4 5 9 10 | 10.0
Shields        | 4 5 6 7 8 |  8.0

Action                     |  1- 3 |  4- 6 |  7- 9 | 10-12 | 13-15 || total
---------------------------+-------+-------+-------+-------+-------++-------
  Melee: War axe           |    90 |   103 |   262 |   720 |   999 ||  2174
         Unarmed           |       |    16 |       |       |       ||    16
         Morningstar       |       |       |       |     6 |    15 ||    21
         Broad axe         |       |       |       |       |    50 ||    50
  Throw: Boomerang         |       |    19 |    29 |    30 |    22 ||   100
         Javelin           |       |       |       |       |    85 ||    85
 Invoke: Heroism           |       |       |     3 |    23 |    30 ||    56
         Finesse           |       |       |       |     1 |     5 ||     6
    Use: Scroll            |     4 |     5 |    14 |     7 |     5 ||    35
         Potion            |       |     5 |     1 |     6 |     2 ||    14
   Stab: Distracted        |       |       |       |       |     1 ||     1
 Armour: Scale mail        |    32 |       |       |       |       ||    32
         Crystal plate arm |    43 |   143 |   248 |   539 |   638 ||  1611
         Skin              |       |    10 |       |       |       ||    10
  Dodge: Dodged            |    36 |    55 |    65 |   189 |   238 ||   583
  Block: Buckler           |    18 |    30 |    51 |   337 |   431 ||   867
         Reflection        |       |       |       |     2 |    34 ||    36

Table legend:
 A = Non-vault XP
 B = Vault XP
 C = Vault XP percentage of total XP
 D = Non-vault monster count
 E = Vault monster count
 F = Vault count percentage of total count
                 A         B        C        D         E       F
            +---------+---------+-------+---------+---------+-------
      Total |   71071 |   46080 |  39.3 |     518 |     207 |  28.6
            +---------+---------+-------+---------+---------+-------
        D:1 |      37 |       0 |   0.0 |      22 |       0 |   0.0
        D:2 |     119 |       0 |   0.0 |      20 |       0 |   0.0
        D:3 |      84 |     348 |  80.6 |      17 |       3 |  15.0
        D:4 |     447 |       0 |   0.0 |      29 |       0 |   0.0
        D:5 |     616 |    1093 |  64.0 |      14 |       6 |  30.0
        D:6 |     491 |       0 |   0.0 |       6 |       0 |   0.0
        D:7 |     914 |       7 |   0.8 |      14 |       4 |  22.2
        D:8 |    1475 |       0 |   0.0 |      36 |       0 |   0.0
        D:9 |    1963 |    1057 |  35.0 |      94 |       5 |   5.1
       D:10 |    2105 |    1766 |  45.6 |      18 |      25 |  58.1
       D:11 |    4868 |       0 |   0.0 |      31 |       0 |   0.0
       D:12 |    6385 |    1434 |  18.3 |      28 |      36 |  56.2
       D:13 |    6906 |    6475 |  48.4 |      18 |      19 |  51.4
       D:14 |    7408 |       0 |   0.0 |      21 |       0 |   0.0
       D:15 |    4495 |    2642 |  37.0 |      12 |       3 |  20.0
     Lair:1 |    3640 |    1804 |  33.1 |      16 |       9 |  36.0
     Lair:2 |    4183 |    2730 |  39.5 |      16 |       5 |  23.8
     Lair:3 |    1297 |    6355 |  83.1 |      11 |      26 |  70.3
     Lair:4 |    7371 |       0 |   0.0 |      26 |       0 |   0.0
     Lair:5 |   10910 |    9568 |  46.7 |      27 |      23 |  46.0
      Orc:1 |    5058 |    5736 |  53.1 |      33 |      28 |  45.9
      Orc:2 |     299 |    1394 |  82.3 |       9 |       4 |  30.8
   Gauntlet |       0 |    3671 | 100.0 |       0 |      11 | 100.0
            +---------+---------+-------+---------+---------+-------
